 Dungeon Crawl Stone Soup version 0.19-a0-1193-g2641e52 (webtiles) character file.

8049 4thArraOfDagon the Carver (level 11, -21/73 HPs)
             Began as a Vine Stalker Berserker on Aug 19, 2016.
             Was an Elder of Trog.
             Killed from afar by a fire dragon (31 damage)
             ... with a blast of flame
             ... on level 11 of the Dungeon.
             The game lasted 00:11:22 (1983 turns).

4thArraOfDagon the Carver (Vine Stalker Berserker)  Turns: 1983, Time: 00:11:22

Health: -21/73     AC: 15    Str: 31    XL:     11   Next: 24%
Magic:  0/14       EV:  8    Int:  7    God:    Trog [****..]
Gold:   296        SH:  0    Dex: 13    Spells: 0 memorised, 10 levels left

rFire  . . .     SeeInvis .     t - +3 scimitar (flame)
rCold  . . .     Gourm    .     j - +0 plate armour
rNeg   . . .     Faith    .     (no shield)
rPois  .         Spirit   +     (no helmet)
rElec  .         Dismiss  .     v - +0 cloak
rCorr  .         Reflect  .     (no gloves)
MR     +....     Harm     .     (no boots)
Stlth  .......... Rnd*Rage +    r - amulet of guardian spirit
                                (no ring)
                                a - ring of stealth

@: berserking (expiring), very quick
A: claws 1, fangs 3, rugged brown scales 1, berserk 1, frail 2, regeneration 2,
strong 1, magic shield, antimagic bite, no device heal 3, rot immunity
a: Berserk, Trog's Hand, Brothers in Arms, Burn Spellbooks, Renounce Religion


You were on level 11 of the Dungeon.
You worshipped Trog.
Trog was greatly pleased with you.
You were very hungry.

You visited 1 branch of the dungeon, and saw 15 of its levels.

You collected 329 gold pieces.
You spent 33 gold pieces at shops.

Inventory:

Hand Weapons
 t - a +3 scimitar of flaming (weapon)
Armour
 b - a +0 animal skin
 i - a +0 ring mail
 j - a +0 plate armour (worn)
 v - a +0 cloak (worn)
Jewellery
 a - a ring of stealth (left claw)
 n - an uncursed ring of fire
 r - an amulet of guardian spirit (around neck)
Wands
 f - a wand of flame (13/48)
 p - a wand of paralysis (12/24)
Scrolls
 h - a scroll of teleportation
 l - 2 scrolls of remove curse
Potions
 d - a potion of brilliance {unknown}
 e - 4 potions of curing
 g - 2 potions of invisibility
 m - 2 potions of agility
 s - 3 potions of heal wounds {unknown}
Books
 o - a book of Geomancy

   Spells                             Type                      Level
   a - Sandblast                      Earth                        1
   b - Passwall                       Transmutation/Earth          2
   c - Stone Arrow                    Conjuration/Earth            3
   d - Petrify                        Transmutation/Earth          4
   e - Lee's Rapid Deconstruction     Earth                        5
   Trog disapproves of the use of such an item.
Comestibles
 c - 3 bread rations
 k - 2 slices of pizza
 q - 2 meat rations


   Skills:
 + Level 8.1 Fighting
 * Level 11.1 Long Blades
 + Level 6.9 Armour
 - Level 1.5 Dodging
 + Level 3.9 Evocations


You had 10 spell levels left.
You didn't know any spells.

Dungeon Overview and Level Annotations

Branches:
Dungeon (15/15)
 Temple: D:4-7         Lair: D:8-11         Orc: D:9-12      Vaults: D:13-14
 Depths: D:15

Altars:
Vehumet

Shops:
D:4 ?   D:9 :

Portals:
Trove: D:13 (give 5 potions of resistance)


Innate Abilities, Weirdness & Mutations

You have razor-sharp teeth.
You heal very quickly.
When hurt, damage is shared between your health and your magic reserves.
Your bite disrupts and absorbs the magic of your enemies.
Potions and wands cannot restore your health.
You are immune to rotting.
You have sharp fingernails.
You are partially covered in rugged brown scales. (AC +1, +3% HP)
You tend to lose your temper in combat.
You are very frail. (-20% HP)
Your muscles are strong. (Str +2)


Message History

The fire bat bites you.
* * * LOW HITPOINT WARNING * * *
You are engulfed in flames!
* * * LOW HITPOINT WARNING * * *
You hit the fire dragon.
You bite the fire dragon, but do no damage.
The fire dragon is severely wounded.
The fire bat bites you but does no damage.
The fire bat barely misses you.
You riposte.
Your plate armour prevents you from hitting the fire bat.
Your bite misses the fire bat.
The fire bat bites you but does no damage.
The fire bat bites you.
* * * LOW HITPOINT WARNING * * *
You are engulfed in flames!
* * * LOW HITPOINT WARNING * * *
The fire bat bites you but does no damage.
The fire dragon breathes flames at you. The blast of flame hits you!
You die...

# #.. . ..# # #
#. #.#.# .#
.##.#.# ..
.#.#.##### # #
#. ......... .
.)..#.#b......#
#
#...bD@b.....#
.
....#.#bb.....#
# # ..
....#'### # #.
.....# # #.# ..
......# .. #.
..#....# #.# #
##..#.#.# .. .
.....# #.# #..


You could see a fire dragon and 5 fire bats.

Vanquished Creatures
  Erica (D:10)
  A centaur warrior (D:13)
  A tengu warrior (D:14)
  2 hill giants
  A centaur zombie (D:14)
  A gargoyle (D:11)
  A kobold demonologist (D:14)
  A komodo dragon (D:13)
  A tengu conjurer (D:14)
  A slime creature (D:13)
  A wyvern (D:11)
  6 yaks (D:7)
  An ice beast (D:10)
  A sky beast (D:8)
  An orc warrior (D:11)
  A phantom (D:12)
  A wasp (D:12)
  An ogre (D:12)
  8 centaurs
  A crocodile (D:14)
  4 giant frogs
  2 big kobolds
  Blork the orc (D:4)
  2 wyvern skeletons
  A wyvern zombie (D:11)
  5 wights (D:12)
  A crimson imp (D:8)
  2 orc priests
  2 centaur skeletons (D:12)
  A giant frog skeleton (D:10)
  2 hounds (D:11)
  2 jellies
  An orc wizard (D:11)
  2 worker ants
  2 adders
  A howler monkey skeleton (D:7)
  A shadow imp (D:7)
  An adder skeleton (D:2)
  A worm (D:2)
  A giant gecko (D:2)
  An orc (shapeshifter) (D:14)
  10 orcs
  A ball python (D:2)
  A giant cockroach (D:1)
  A goblin (D:1)
  8 jackals
  3 bats
  2 giant newts (D:1)
  14 kobolds
  2 rats
111 creatures vanquished.

Notes
Turn   | Place    | Note
-------+----------+-------------------------------------------
     0 | D:1      | 4thArraOfDagon the Vine Stalker Berserker began the quest for the Orb.
     0 | D:1      | Reached XP level 1. HP: 11/11 MP: 2/2
   131 | D:1      | 4thArraOfDagon: nice lab
   242 | D:1      | Reached XP level 2. HP: 16/16 MP: 3/3
   274 | D:2      | Reached skill level 3 in Long Blades
   289 | D:2      | Reached XP level 3. HP: 18/19 MP: 4/4
   303 | D:2      | Reached ** piety under Trog
   306 | D:2      | HP: 1/20 [poisoned by an adder]
   311 | D:2      | HP: 1/20 [poisoned by an adder]
   443 | D:4      | Noticed Blork the orc
   453 | D:4      | Killed Blork the orc
   453 | D:4      | Reached XP level 4. HP: 24/24 MP: 5/5
   474 | D:4      | Found Kiopos's Magic Scroll Boutique.
   486 | D:4      | Bought a scroll of teleportation for 33 gold pieces
   496 | D:4      | Reached skill level 4 in Long Blades
   496 | D:4      | Reached XP level 5. HP: 28/28 MP: 6/6
   537 | D:5      | Entered Level 5 of the Dungeon
   563 | D:5      | Noticed a phantom
   591 | D:5      | Found a radiant altar of Vehumet.
   599 | D:6      | Noticed a phantom
   673 | D:7      | Noticed a yak
   673 | D:7      | Noticed a yak
   673 | D:7      | Noticed a yak
   673 | D:7      | Noticed a yak
   675 | D:7      | Noticed a yak
   677 | D:7      | Noticed a yak
   678 | D:7      | Killed a yak
   678 | D:7      | Gained mutation: You heal very quickly. [Vine Stalker growth]
   678 | D:7      | Reached XP level 6. HP: 33/33 MP: 7/7
   679 | D:7      | Killed a yak
   679 | D:7      | Reached skill level 5 in Long Blades
   687 | D:7      | Killed a yak
   687 | D:7      | Reached XP level 7. HP: 38/38 MP: 8/8
   692 | D:7      | Killed a yak
   692 | D:7      | Reached skill level 6 in Long Blades
   695 | D:7      | Killed a yak
   695 | D:7      | Gained mutation: You have razor-sharp teeth. [Vine Stalker growth]
   695 | D:7      | Reached XP level 8. HP: 42/42 MP: 9/9
   702 | D:7      | Killed a yak
   702 | D:7      | Reached skill level 5 in Fighting
   772 | D:8      | Reached skill level 7 in Long Blades
   784 | D:8      | Gained mutation: You are partially covered in rugged brown scales. (AC +1, +3% HP) [mutagenic meat]
   787 | D:8      | Gained mutation: You are frail. (-10% HP) [mutagenic meat]
   790 | D:8      | Gained mutation: You are very frail. (-20% HP) [mutagenic meat]
   793 | D:8      | Gained mutation: You have sharp fingernails. [mutagenic meat]
   796 | D:8      | Gained mutation: Your muscles are strong. (Str +2) [mutagenic meat]
   799 | D:8      | Gained mutation: You tend to lose your temper in combat. [mutagenic meat]
   952 | D:10     | Entered Level 10 of the Dungeon
   952 | D:10     | Noticed Erica
   961 | D:10     | Killed Erica
   961 | D:10     | Reached skill level 8 in Long Blades
   961 | D:10     | Reached skill level 5 in Armour
   961 | D:10     | Reached XP level 9. HP: 39/39 MP: 10/10
  1008 | D:9      | Found Tiywuyri's Book Emporium.
  1124 | D:10     | Noticed a hill giant
  1130 | D:10     | Killed a hill giant
  1184 | D:11     | Reached skill level 9 in Long Blades
  1222 | D:11     | Reached *** piety under Trog
  1290 | D:12     | Reached XP level 10. HP: 33/43 MP: 11/11
  1296 | D:12     | Reached skill level 1 in Evocations
  1456 | D:11     | Noticed a hill giant
  1477 | D:11     | Reached skill level 10 in Long Blades
  1479 | D:11     | Killed a hill giant
  1590 | D:14     | Noticed a tengu warrior
  1601 | D:15     | Entered Level 15 of the Dungeon
  1601 | D:15     | Noticed a kobold demonologist
  1601 | D:15     | Noticed a kobold demonologist
  1601 | D:15     | Noticed a kobold demonologist
  1601 | D:15     | Noticed a centaur warrior
  1603 | D:15     | Noticed a kobold demonologist
  1605 | D:14     | Killed a kobold demonologist
  1612 | D:14     | Killed a tengu warrior
  1695 | D:13     | Found a portal to a secret trove of treasure.
  1699 | D:13     | Noticed a centaur warrior
  1708 | D:13     | Killed a centaur warrior
  1708 | D:13     | Reached XP level 11. HP: 42/49 MP: 14/14
  1768 | D:13     | Reached skill level 11 in Long Blades
  1809 | D:14     | Noticed a tengu warrior
  1809 | D:14     | Noticed a tengu warrior
  1969 | D:11     | Noticed a fire dragon
  1980 | D:11     | Reached **** piety under Trog
  1983 | D:11     | Killed from afar by a fire dragon

Vault maps used:
D:1:      minmay_arrival_diagonal_passages
D:2:      serial_undead, serial_undead_c, serial_undead_f, serial_undead_f,
          serial_undead_d, first_bread
D:3:      ecumenical_altar_1, nicolae_underground_beach
D:4:      minmay_diamond_boxcup, nicolae_dithmenos_through_a_glass_darkly,
          serial_shops, shop, uniq_blork_the_orc
D:5:      grunt_temple_overflow_lords_of_destruction, dancing_weapons_uskayaw,
          uniq_duvessa
D:6:      nicolae_whirlpool, minmay_strange_pillars
D:7:      grunt_temple_overflow_gold_and_silver, led_sif_book,
          minmay_misc_feat_five, uniq_pikel
D:8:      gammafunk_temple_overflow_forgotten, dpeg_lair_monsters
D:9:      slow_altar_1, tso_oasis_becter, serial_shops, kennysheep_little_box,
          uniq_maurice
D:10:     uniq_erica
D:11:     minmay_firetagon
D:12:     david_orc_3, blue_anna_alchemist
D:13:     minmay_sliced_demisemicircle, enter_trove_2
D:14:     grunt_vaults_entry_fortified, corexii_leaking_fountain,
          minmay_st_funbox, lemuel_angel_altar
D:15:     grunt_enter_depths_hoard, minmay_crystal_room, basic_altar,
          minmay_fountain_box, uniq_azrael

Skill      XL: |  1  2  3  4  5  6  7  8  9 10 11 |
---------------+----------------------------------+-----
Long Blades    | 3 4 5 6 8 9 10 11 | 11.1
Fighting       | 3 4 6 7 8 |  8.1
Armour         | 2 3 5 6 |  6.9
Evocations     | 3 |  3.9
Dodging        | |  1.5

Action                   |  1- 3 |  4- 6 |  7- 9 | 10-12 || total
-------------------------+-------+-------+-------+-------++-------
Melee: Falchion          |    70 |    54 |    48 |       ||   172
       Bite              |    20 |    20 |    43 |    45 ||   128
       Scimitar          |       |       |    39 |   130 ||   169
Invok: Berserk           |     2 |     2 |     5 |     6 ||    15
       Trog's Hand       |       |       |     2 |       ||     2
  Use: Scroll            |     4 |       |     3 |       ||     7
 Stab: Sleeping          |     1 |       |       |       ||     1
  Eat: Chunk             |       |     2 |    13 |     4 ||    19
       Royal jelly       |       |       |     1 |       ||     1
       Fruit             |       |       |       |     4 ||     4
Armor: Animal skin       |    14 |       |       |       ||    14
       Plate armour      |     4 |    47 |    57 |   107 ||   215
Dodge: Dodged            |    50 |    30 |    36 |    69 ||   185
